 Dungeon Crawl Stone Soup version 0.29-a0-341-g24ffce5b50 (webtiles) character file.

Game seed: 12013634586823190270

408 Flugkiller the Chopper (level 6, -4/51 HPs)
             Began as a Palentonga Chaos Knight on Apr 20, 2022.
             Was a Plaything of Xom.
             Slain by a kobold brigand
             ... wielding a +2 short sword of venom
              (6 damage)
             ... on level 4 of the Dungeon.
             The game lasted 00:02:54 (3639 turns).

Flugkiller the Chopper (Palentonga Chaos Knight)    Turns: 3639, Time: 00:02:54

Health: -4/51      AC:  6    Str: 15 (17) XL:     6   Next: 57%
Magic:  6/6        EV: 13    Int: 12 (15) God:    Xom [......]
Gold:   214        SH:  0    Dex:  8 (9)  Spells: 5/5 levels left

rFire   + . .      SeeInvis +   f - +1 war axe
rCold   . . .      Faith    .   (no shield)
rNeg    . . .      Spirit   .   b - +2 leather armour
rPois   .          Reflect  .   (no helmet)
rElec   .          Harm     .   g - scarf {shadows}
rCorr   .          Rampage  .   (no gloves)
Will    .....      Clarity  +   (no barding)
Stlth   +.........              (no amulet)
HPRegen 0.17/turn               v - +4 ring of evasion
MPRegen 0.10/turn               p - ring of protection from fire

@: lethally poisoned (-4 -> -34), attractive
A: large, rugged brown scales 3, see invisible, deformed body, roll 1, armoured
tail, clarity, clever 1
a: Rolling Charge, Renounce Religion


You were on level 4 of the Dungeon.
You worshipped Xom.
You were a very special plaything of Xom.
You visited 1 branch of the dungeon, and saw 4 of its levels.

You collected 214 gold pieces.

Inventory:

Hand Weapons
 a - a +0 hand axe of chaos
 f - a +1 war axe (weapon)
   (You found it on level 3 of the Dungeon)
Armour
 b - a +2 leather armour (worn)
 g - a scarf of shadows (worn)
   (You found it on level 1 of the Dungeon)
 j - a +0 plate armour
   (You found it on level 1 of the Dungeon)
Jewellery
 p - a ring of protection from fire (right hand)
   (You found it on level 3 of the Dungeon)
 v - a +4 ring of evasion (left hand)
   (You found it on level 2 of the Dungeon)
Wands
 l - a wand of mindburst (6)
   (You found it on level 2 of the Dungeon)
Scrolls
 e - a scroll of noise {unknown}
 t - a scroll of teleportation
Potions
 d - a potion of might
 h - a potion of haste
 i - 2 potions of ambrosia
Miscellaneous
 c - a piece from Xom's chessboard (15/15) (quivered)


   Skills:
 + Level 4.2 Fighting
 + Level 5.5 Axes
 + Level 3.0 Armour
 - Level 0.7 Dodging
 + Level 1.8 Evocations


You had 5 spell levels left.
You didn't know any spells.
Your spell library contained the following spells:

 Spells                   Type           Power      Damage    Failure   Level
 Magic Dart               Conj           0%         1d3       38%         1
 Searing Ray              Conj           0%         2d4       52%         2
 Fulminant Prism          Conj/Hex       0%         3d6       99%         4


Dungeon Overview and Level Annotations

Branches:
Dungeon (4/15)
 Temple: D:4-7

Altars:


Innate Abilities, Weirdness & Mutations

You are completely covered in rugged brown scales. (AC +3, +7% HP)
You have supernaturally acute eyesight. (SInv)
Armour fits poorly on your strangely shaped body.
You can roll at nearby foes to attack.
You have a long armoured tail.
You possess an exceptional clarity of mind.
Your mind is acute. (Int +2)


Message History

An orc wizard and an orc come into view.
The orc shouts!
There are monsters nearby!
There are monsters nearby!
An orc priest comes into view. It is wielding a +0 club.
The orc priest shouts!
You hit the orc wizard. You tail-slap the orc wizard.
The orc wizard is heavily wounded.
The orc wizard points at you and mumbles some strange words.
You resist with some effort.
The orc wizard hits you with a +0 dagger.
The orc priest mumbles some strange prayers to Beogh against you.
Beogh smites you!
You barely miss the orc wizard.
Your tail-slap misses the orc wizard.
The orc wizard is heavily wounded.
The orc wizard closely misses you.
You completely miss the orc wizard.
The orc wizard is heavily wounded.
The orc wizard hits you but does no damage.
You closely miss the orc wizard.
You tail-slap the orc wizard, but do no damage.
The orc wizard is heavily wounded.
The orc wizard hits you with a +0 dagger.
You slash the orc wizard!
You kill the orc wizard!
The orc closely misses you.
You slash the orc!
You kill the orc!
You barely miss the orc priest. You tail-slap the orc priest.
The orc priest is lightly wounded.
The orc priest barely misses you.
You slash the orc priest!
The orc priest is almost dead.
The orc priest misses you.
You hit the orc priest.
You kill the orc priest!
Your Armour skill increases to level 3!
Items here: ))) [[.
An endoplasm comes into view.
The endoplasm quivers.
An endoplasm is nearby!
An endoplasm is nearby!
An endoplasm is nearby!
You hit the endoplasm.
The endoplasm is moderately wounded.
The endoplasm jiggles.
The endoplasm freezes you.
You are frozen.
You hit the endoplasm.
The endoplasm is heavily wounded.
The endoplasm barely misses you.
You barely miss the endoplasm.
The endoplasm is heavily wounded.
The endoplasm barely misses you.
You completely miss the endoplasm.
The endoplasm is heavily wounded.
The endoplasm closely misses you.
You slash the endoplasm!
You kill the endoplasm!
No target in view!
No target in view!
A kobold brigand comes into view.
It is wielding a +2 short sword of venom and quivering poisoned darts.
A kobold brigand is nearby!
A kobold brigand is nearby!
Unknown command.
Roll where?
Press: ? - help, Dir - move target, f - kobold brigand
Aim: a kobold brigand, wielding a +2 short sword of venom, wearing a +0 kite shield and quivering poisoned darts (wandering, hasn't noticed you)
You roll forward with a clatter of scales!
The kobold brigand shouts!
The kobold brigand blocks your attack.
The kobold brigand hits you with a +2 short sword of venom.
You are poisoned.
You slash the kobold brigand! You tail-slap the kobold brigand.
The kobold brigand is severely wounded.
You feel very sick.
The kobold brigand hits you with a +2 short sword of venom.
You are more poisoned.
You barely miss the kobold brigand.
The kobold brigand is severely wounded.
You feel very sick.
The kobold brigand hits you with a +2 short sword of venom.
You are more poisoned.
The kobold brigand misses you.
It was a potion of attraction.
You feel attractive to monsters.
Xom is amused.
You feel very sick.
The kobold brigand hits you with a +2 short sword of venom!
* * * LOW HITPOINT WARNING * * *
You are more poisoned.
Unknown command.
It was a potion of degeneration.
There was something very wrong with that liquid.
You feel weakened.
You feel dopey.
You feel clumsy.
Xom thinks this is hilarious!
* * * LOW HITPOINT WARNING * * *
You feel extremely sick.
The kobold brigand hits you with a +2 short sword of venom.
You die...

#.# #......#.########...##....#.
#.# ########.......#######.)....
##.## #######.# ##...## ....#
##########.#### #...## ##..#
####.............# #..... ##..#
#..........##.##.#####...## ....#
#.....####.##.##.........#
.##.###..........K.............#
.##...#.....##.#@#####.........#
....#.#..........#####.#####...##
###...##...............# #.....
##.###.###.#....###### #...##
#)##............# #...#
#.##.#######'##.# #...# #.##.#
... .# #...# #.##.# ...# ##.##
#.##.# ....# ## #.##


You could see a kobold brigand.

Vanquished Creatures
  5 orc priests
  An iguana (D:3)
  2 orc wizards
  7 adders
  2 worms
  3 dart slugs
  13 orcs
  3 bats
  5 endoplasms
  A giant cockroach (D:1)
  11 goblins
  6 hobgoblins
  10 jackals
  A quokka (D:1)
  9 ball pythons
  6 frilled lizards
  13 kobolds
  4 rats
102 creatures vanquished.

Vanquished Creatures (others)
  2 plants (D:1)
2 creatures vanquished.

Grand Total: 104 creatures vanquished

Notes
Turn   | Place    | Note
-------+----------+-------------------------------------------
     0 | D:1      | Flugkiller the Palentonga Chaos Knight began the quest for
                  | the Orb.
     0 | D:1      | Reached XP level 1. HP: 19/19 MP: 1/1
     6 | D:1      | Noticed an iguana
     6 | D:1      | Noticed a lindwurm
     6 | D:1      | Noticed an eight-headed hydra
     6 | D:1      | Noticed an anaconda
   132 | D:1      | Reached XP level 2. HP: 23/25 MP: 2/2
   236 | D:1      | Reached skill level 4 in Axes
   289 | D:1      | XOM: potion effect (might)
   334 | D:1      | Reached XP level 3. HP: 31/31 MP: 3/3
   437 | D:1      | XOM: divination: detect items
   755 | D:1      | Found a faded altar of an unknown god.
   866 | D:2      | XOM: silly message
   871 | D:2      | Reached XP level 4. HP: 33/37 MP: 4/4
  1327 | D:2      | Reached skill level 5 in Axes
  1327 | D:2      | Reached XP level 5. HP: 43/43 MP: 5/5
  1713 | D:3      | XOM: torment (23/44 hp)
  1717 | D:3      | XOM: 4-stop teleportation journey
  1718 | D:3      | XOM: give mutations
  1718 | D:3      | Gained mutation: You possess an exceptional clarity of
                  | mind. [Xom's grace]
  1718 | D:3      | Gained mutation: Your mind is acute. (Int +2) [Xom's grace]
  1719 | D:3      | XOM: stat loss: -1 Dex (8/9)
  1785 | D:2      | XOM: noise
  2348 | D:3      | Reached skill level 1 in Evocations
  2738 | D:3      | Reached XP level 6. HP: 48/51 MP: 6/6
  2924 | D:3      | XOM: silly message
  3036 | D:4      | XOM: polymorph orc -> kobold
  3360 | D:4      | XOM: 3-stop teleportation journey
  3639 | D:4      | HP: 2/51 [poisoned by a kobold brigand]
  3639 | D:4      | Slain by a kobold brigand

Illustrated notes

Levels and vault maps discovered:
D:1:      onia_arrival_zoo_common, layout_loops_ring,
          dilly_ecumenical_altar_fadedgnrine, minmay_octomino_e4
D:2:      layout_basic
D:3:      layout_basic
D:4:      layout_loops_cross, minivault_25

Skill      XL: |  1  2  3  4  5  6 |
---------------+-------------------+-----
Axes           | 4 5 |  5.5
Armour         | 2 3 |  3.0
Evocations     | 1 |  1.8
Fighting       | 4 |  4.2
Dodging        | |  0.7

Action                   |  1- 3 |  4- 6 || total
-------------------------+-------+-------++-------
Melee: Hand axe          |    90 |    90 ||   180
       Tailslap          |     6 |    24 ||    30
       Punch             |     3 |     1 ||     4
       War axe           |       |    78 ||    78
 Abil: Rolling Charge    |       |     1 ||     1
Evoke: Wand              |       |     4 ||     4
  Use: Scroll            |       |     7 ||     7
       Potion            |       |     2 ||     2
 Stab: Paralysed         |     1 |       ||     1
       Petrified         |       |     2 ||     2
       Petrifying        |       |     1 ||     1
Armor: Leather armour    |    41 |    51 ||    92
       Plate armour      |    17 |       ||    17
Dodge: Dodged            |    36 |    98 ||   134

Table legend: (Time is in decaauts)
 A = Elapsed time spent in this place.
 B = Non-inter-level travel time spent in this place.
 C = Inter-level travel time spent in this place.
 D = Time resting spent in this place.
 E = Time spent auto-exploring this place.
 F = Levels seen in this place.
 G = Mean time per level.
                   A        B        C        D        E       F      G
               +--------+--------+--------+--------+--------+-----+--------+
         Total |   3669 |   3521 |    148 |   1026 |   1819 |   4 |  917.2 |
       Dungeon |   3669 |   3521 |    148 |   1026 |   1819 |   4 |  917.2 |
               +--------+--------+--------+--------+--------+-----+--------+

Top non-repeatable levels by time:
     D:2: 1390 daAuts
     D:1: 839 daAuts
     D:3: 723 daAuts
     D:4: 715 daAuts
